Red Wings vs Sharks
Created - November 29, 2018 at 20:38
Goals
|
Red Wings |
0 |
1 |
1 |
2 |
Sharks |
1 |
2 |
1 |
4 |
|
Shots
|
Red Wings |
7 |
11 |
10 |
28 |
Sharks |
12 |
10 |
18 |
40 |
|
1st period
1. Sharks , Maxim Afinogenov 5 (Nate Prosser 4, Frans Nielsen 17) at 12:38
Penalties :
Oleg Saprykin (Det) for High sticking (Minor) at 5:37
2nd period
2. Red Wings , Ales Hemsky 6 (Jiri Fischer 7, Tyler Johnson 15) at 9:42
3. Sharks , Damien Brunner 5 (Rob Schremp 7, Andrej Sekera 6) at 10:45
4. Sharks , Darren Helm 2 (Nick Palmieri 10, Oskar Osala 13) at 15:22
Penalties :
Ole-Kristian Tollefsen (Det) for Interference (Minor) at 1:04, Tyler Toffoli (Det) for Roughing (Minor) at 7:25
3rd period
5. Red Wings , Adam Henrique 8 (Tyler Johnson 16, Jiri Fischer 8) at 6:20
6. Sharks , Frans Nielsen 9 (Milan Michalek 5) at 8:35
Penalties :
Adam Larsson (SJS) for Interference (Minor) at 9:34, Brendon Nash (SJS) for Hooking (Minor) at 19:51
Goalie Stats
John Gibson (Det), 36 saves from 40 shots - (0.900), L, 6-5-0, 60:00 minutes
Tyler Weiman (SJS), 26 saves from 28 shots - (0.929), W, 5-7-3, 60:00 minutes
Players Stats for Red Wings
Player Name G A P +/- PIM S H SB GA TA FO MP PP MP PK MP
------------------------------------------------------------------------------------
Adam Henrique 1 0 1 -1 0 1 0 0 0 0 0/0 18:43 1:17 0:00
Ales Hemsky 1 0 1 1 0 3 0 0 0 1 0/0 12:40 0:00 0:00
Alex Picard 0 0 0 1 0 1 0 0 0 0 0/0 12:44 0:00 0:11
Brent Seabrook 0 0 0 0 0 3 1 1 0 3 0/0 20:52 1:13 1:02
Carson Mcmillan 0 0 0 0 0 1 1 0 0 0 0/0 8:46 0:00 2:49
Chris Kelly 0 0 0 1 0 0 1 0 0 0 0/3 13:37 0:00 1:02
Jiri Fischer 0 2 2 1 0 2 0 0 0 1 0/0 21:45 0:00 3:06
Lubomir Visnovsky 0 0 0 -2 0 1 0 0 0 0 0/0 17:15 0:00 2:51
Mike Richards 0 0 0 -2 0 1 1 0 0 1 15/30 16:34 0:50 0:03
Nate Thompson 0 0 0 0 0 0 0 0 0 0 2/4 5:57 0:00 0:00
Oleg Saprykin 0 0 0 0 2 0 0 0 0 1 0/0 7:49 0:00 1:53
Ole-Kristian Tollefsen 0 0 0 0 2 2 3 1 1 1 0/0 22:03 0:54 2:04
Phil Kessel 0 0 0 -1 0 4 1 0 1 0 1/1 18:43 1:17 0:00
Philip Samuelsson 0 0 0 -1 0 1 0 3 0 2 0/0 22:58 1:13 2:51
Ryan Whitney 0 0 0 -2 0 1 2 1 0 1 0/0 15:06 0:54 0:00
Sean Bergenheim 0 0 0 -2 0 2 2 1 1 2 2/2 19:50 0:50 2:55
Tyler Johnson 0 2 2 -1 0 4 0 0 1 1 8/19 21:56 1:17 3:01
Tyler Toffoli 0 0 0 -2 2 1 0 1 0 1 2/4 16:42 0:50 0:00
Players Stats for Sharks
Player Name G A P +/- PIM S H SB GA TA FO MP PP MP PK MP
------------------------------------------------------------------------------------
Adam Larsson 0 0 0 0 2 0 1 0 0 0 0/0 19:17 2:12 0:00
Andrej Sekera 0 1 1 2 0 1 2 4 0 0 0/0 28:22 3:26 1:22
Bobby Butler 0 0 0 0 0 2 3 0 0 0 0/0 12:10 0:09 0:00
Brendon Nash 0 0 0 0 2 1 2 1 0 0 0/0 11:34 0:19 0:00
Damien Brunner 1 0 1 0 0 6 0 0 1 0 2/2 12:10 0:09 0:00
Darren Helm 1 0 1 1 0 1 0 0 1 0 7/15 18:01 2:43 0:07
David Rundblad 0 0 0 0 0 1 0 0 0 0 0/0 12:26 0:19 0:45
Frans Nielsen 1 1 2 1 0 1 1 2 2 0 18/31 22:39 3:05 1:15
Jiri Tlusty 0 0 0 0 0 1 0 0 1 0 0/0 6:45 0:09 0:00
Jordan LaVallee 0 0 0 0 0 4 1 0 1 0 0/0 7:07 0:00 0:30
Luke Adam 0 0 0 0 0 2 2 0 0 0 2/4 6:19 0:00 0:00
Maxim Afinogenov 1 0 1 1 0 7 1 0 1 0 1/2 21:52 3:05 0:22
Maxim Kondratiev 0 0 0 0 0 1 1 1 1 1 0/0 20:02 2:12 0:50
Milan Michalek 0 1 1 1 0 2 3 0 4 1 2/4 22:39 3:05 1:15
Nate Prosser 0 1 1 2 0 3 3 6 1 2 0/0 28:23 3:26 1:17
Nick Palmieri 0 1 1 1 0 0 2 0 0 0 0/1 18:22 2:43 0:22
Oskar Osala 0 1 1 1 0 4 0 0 0 0 0/0 17:36 2:43 0:00
Rob Schremp 0 1 1 0 0 3 0 0 2 0 1/4 12:07 0:00 0:23
3 Stars
1 - Frans Nielsen (SJS)
2 - Nate Prosser (SJS)
3 - Andrej Sekera (SJS)
Power Play
Red Wings - 0 on 2 Attempt(s) - 0.00%
Sharks - 0 on 3 Attempt(s) - 0.00%
Penalty Kill
Red Wings - 3 on 3 Attempt(s) - 100.00%
- Score 0 goal in Penalty Kill
Sharks - 2 on 2 Attempt(s) - 100.00%
- Score 0 goal in Penalty Kill
Team Stat
Red Wings - Hits : 12 - Faceoff Wins : 30 - Blocked Shots : 8 - Penalty Minutes : 6
Sharks - Hits : 22 - Faceoff Wins : 33 - Blocked Shots : 14 - Penalty Minutes : 4
Official
Referees : Unknown
Linesman : Unknown
Game Notes
No Game Note
Finance
Level 1 -- Attendance: 4757 (79.28%) -- Ticket Income $451,915
Level 2 -- Attendance: 3314 (66.28%) -- Ticket Income $215,410
Level 3 -- Attendance: 1329 (66.45%) -- Ticket Income $59,805
Level 4 -- Attendance: 4000 (100.00%) -- Ticket Income $100,000
Luxury Box -- Attendance: 749 (74.90%) -- Ticket Income $138,565
Game was played at the Hockey Place Center.
Total Attendance: 14149 (78.61%)
Total Ticket Income: $965,695
Other Income: $144,854
Total Income: $1,110,549
Red Wings
5 vs 5 Forward
Center Left Wing Right Wing Time % Phy DF OF
1 Tyler Johnson Adam Henrique Phil Kessel 36 0 2 3
2 Mike Richards Sean Bergenheim Tyler Toffoli 36 0 2 3
3 Chris Kelly Alex Picard Ales Hemsky 20 0 3 2
4 Nate Thompson Oleg Saprykin Carson Mcmillan 8 1 2 2
5 vs 5 Defense
Defense Defense Time % Phy DF OF
1 Brent Seabrook Jiri Fischer 35 0 3 2
2 Ole-Kristian Tollefsen Philip Samuelsson 35 0 3 2
3 Lubomir Visnovsky Ryan Whitney 20 0 3 2
4 Lubomir Visnovsky Ryan Whitney 10 0 3 2
PowerPlay Forward
Center Left Wing Right Wing Time % Phy DF OF
1 Tyler Johnson Adam Henrique Phil Kessel 60 0 1 4
2 Mike Richards Sean Bergenheim Tyler Toffoli 40 0 1 4
PowerPlay Defense
Defense Defense Time % Phy DF OF
1 Philip Samuelsson Brent Seabrook 60 0 2 3
2 Ole-Kristian Tollefsen Ryan Whitney 40 0 2 3
Penalty Kill 4 Players Forward
Center Wing Time % Phy DF OF
1 Oleg Saprykin Sean Bergenheim 50 1 2 2
2 Tyler Johnson Carson Mcmillan 50 1 2 2
Penalty Kill 4 Players Defense
Defense Defense Time % Phy DF OF
1 Lubomir Visnovsky Philip Samuelsson 50 1 2 2
2 Jiri Fischer Ole-Kristian Tollefsen 50 1 2 2
Penalty Kill - 3 Players Forward
Forward Time % Phy DF OF
1 Oleg Saprykin 60 1 2 2
2 Carson Mcmillan 40 1 2 2
Penalty Kill - 3 Players Defense
Defense Defense Time % Phy DF OF
1 Lubomir Visnovsky Philip Samuelsson 50 1 2 2
2 Jiri Fischer Ole-Kristian Tollefsen 50 1 2 2
4 vs 4 Forward
Center Wing Time % Phy DF OF
1 Mike Richards Adam Henrique 60 1 2 2
2 Tyler Johnson Phil Kessel 40 1 2 2
4 vs 4 Defense
Defense Defense Time % Phy DF OF
1 Brent Seabrook Jiri Fischer 60 1 2 2
2 Ole-Kristian Tollefsen Philip Samuelsson 40 1 2 2
Last Minutes Offensive
Center Left Wing Right Wing Defense Defense
Tyler Johnson Adam Henrique Phil Kessel Brent Seabrook Ole-Kristian Tollefsen
Last Minutes Defensive
Center Left Wing Right Wing Defense Defense
Tyler Johnson Oleg Saprykin Carson Mcmillan Jiri Fischer Lubomir Visnovsky
Goaltenders
Starting : John Gibson
Backup : James Reimer
Extra Forwards
Normal : Adam Henrique, Sean Bergenheim, Chris Kelly - PP : Chris Kelly, Ales Hemsky - PK : Chris Kelly
Extra Defensemen
Normal : Brent Seabrook, Philip Samuelsson, Lubomir Visnovsky - PP : Jiri Fischer - PK : Brent Seabrook, Ole-Kristian Tollefsen
Penalty Shots
Phil Kessel, Mike Richards, Carson Mcmillan, Alex Picard, Sean Bergenheim
Scratches
Brendan Bell (Healthy), Michael Haley (Healthy)
Sharks
5 vs 5 Forward
Center Left Wing Right Wing Time % Phy DF OF
1 Frans Nielsen Milan Michalek Maxim Afinogenov 40 1 2 2
2 Darren Helm Oskar Osala Nick Palmieri 30 1 2 2
3 Rob Schremp Bobby Butler Damien Brunner 20 1 2 2
4 Luke Adam Jordan LaVallee Jiri Tlusty 10 1 2 2
5 vs 5 Defense
Defense Defense Time % Phy DF OF
1 Andrej Sekera Nate Prosser 40 1 2 2
2 Maxim Kondratiev Adam Larsson 30 1 2 2
3 Brendon Nash David Rundblad 20 1 2 2
4 Andrej Sekera Nate Prosser 10 1 2 2
PowerPlay Forward
Center Left Wing Right Wing Time % Phy DF OF
1 Frans Nielsen Milan Michalek Maxim Afinogenov 60 1 2 2
2 Darren Helm Oskar Osala Nick Palmieri 40 1 2 2
PowerPlay Defense
Defense Defense Time % Phy DF OF
1 Andrej Sekera Nate Prosser 60 1 2 2
2 Maxim Kondratiev Adam Larsson 40 1 2 2
Penalty Kill 4 Players Forward
Center Wing Time % Phy DF OF
1 Milan Michalek Frans Nielsen 60 1 2 2
2 Maxim Afinogenov Nick Palmieri 40 1 2 2
Penalty Kill 4 Players Defense
Defense Defense Time % Phy DF OF
1 Andrej Sekera Nate Prosser 60 1 2 2
2 Maxim Kondratiev Adam Larsson 40 1 2 2
Penalty Kill - 3 Players Forward
Forward Time % Phy DF OF
1 Milan Michalek 60 1 2 2
2 Frans Nielsen 40 1 2 2
Penalty Kill - 3 Players Defense
Defense Defense Time % Phy DF OF
1 Andrej Sekera Nate Prosser 60 1 2 2
2 Maxim Kondratiev Adam Larsson 40 1 2 2
4 vs 4 Forward
Center Wing Time % Phy DF OF
1 Milan Michalek Frans Nielsen 60 1 2 2
2 Maxim Afinogenov Nick Palmieri 40 1 2 2
4 vs 4 Defense
Defense Defense Time % Phy DF OF
1 Andrej Sekera Nate Prosser 60 1 2 2
2 Maxim Kondratiev Adam Larsson 40 1 2 2
Last Minutes Offensive
Center Left Wing Right Wing Defense Defense
Frans Nielsen Milan Michalek Maxim Afinogenov Andrej Sekera Nate Prosser
Last Minutes Defensive
Center Left Wing Right Wing Defense Defense
Frans Nielsen Milan Michalek Maxim Afinogenov Andrej Sekera Nate Prosser
Goaltenders
Starting : Tyler Weiman
Backup : Brent Krahn
Extra Forwards
Normal : Damien Brunner, Bobby Butler, Rob Schremp - PP : Damien Brunner, Bobby Butler - PK : Rob Schremp
Extra Defensemen
Normal : Brendon Nash, David Rundblad, Maxim Kondratiev - PP : Brendon Nash - PK : David Rundblad, Maxim Kondratiev
Penalty Shots
Milan Michalek, Frans Nielsen, Maxim Afinogenov, Nick Palmieri, Darren Helm
Scratches
Kevin Shattenkirk (Healthy), Mark Giordano (Healthy), Mark Stuart (Healthy), Martin Erat (Healthy), T.J. Hensick (Right Leg Injury)
% Time on Ice - Red Wings
Lines # - Real PCT - Wanted PCT - Time Play
Normal Forward
1 - 34% - 36% - 17:50
2 - 31% - 36% - 15:53
3 - 24% - 20% - 12:16
4 - 11% - 8% - 5:57
Normal Defense
1 - 36% - 35% - 18:38
2 - 37% - 35% - 19:06
3 - 20% - 20% - 10:23
4 - 7% - 10% - 3:49
PP Forward
1 - 61% - 60% - 1:17
2 - 39% - 40% - 0:50
PP Defense
1 - 57% - 60% - 1:13
2 - 43% - 40% - 0:54
PK Forward
1 - 51% - 50% - 3:03
2 - 49% - 50% - 2:54
PK Defense
1 - 48% - 50% - 2:51
2 - 52% - 50% - 3:06
PK3 Forward
1 - 0% - 60%
2 - 0% - 40%
PK3 Defense
1 - 0% - 50%
2 - 0% - 50%
44 Forward
1 - 0% - 60%
2 - 0% - 40%
44 Defense
1 - 0% - 60%
2 - 0% - 40%
Last Minute Offensive - 0:00
Last Minute Defensive - 0:00
Total
Forward - 60:00
Defense - 60:00
|
% Time on Ice - Sharks
Lines # - Real PCT - Wanted PCT - Time Play
Normal Forward
1 - 37% - 40% - 19:06
2 - 29% - 30% - 14:59
3 - 22% - 20% - 11:32
4 - 12% - 10% - 6:19
Normal Defense
1 - 40% - 40% - 20:48
2 - 33% - 30% - 17:00
3 - 21% - 20% - 11:07
4 - 6% - 10% - 3:01
PP Forward
1 - 54% - 60% - 3:14
2 - 46% - 40% - 2:43
PP Defense
1 - 63% - 60% - 3:45
2 - 37% - 40% - 2:12
PK Forward
1 - 83% - 60% - 1:45
2 - 17% - 40% - 0:22
PK Defense
1 - 61% - 60% - 1:17
2 - 39% - 40% - 0:50
PK3 Forward
1 - 0% - 60%
2 - 0% - 40%
PK3 Defense
1 - 0% - 60%
2 - 0% - 40%
44 Forward
1 - 0% - 60%
2 - 0% - 40%
44 Defense
1 - 0% - 60%
2 - 0% - 40%
Last Minute Offensive - 0:00
Last Minute Defensive - 0:00
Total
Forward - 60:00
Defense - 60:00
|
Play by Play
1st period
0:01 of 1st period - Maxim Afinogenov wins face-off versus Tyler Johnson in neutral zone.
0:26 of 1st period - Nate Prosser is hit by Mike Richards and loses puck.
0:57 of 1st period - Off-side.
0:58 of 1st period - Luke Adam wins face-off versus Nate Thompson in neutral zone.
1:31 of 1st period - Snap shot by Mike Richards.
1:31 of 1st period - Shot Blocked by Brendon Nash.
1:33 of 1st period - Slapshot by Philip Samuelsson.
1:33 of 1st period - Shot Misses the Net.
1:53 of 1st period - Off-side.
1:54 of 1st period - Darren Helm wins face-off versus Tyler Johnson in neutral zone.
2:01 of 1st period - Wrist shot by Oskar Osala.
2:01 of 1st period - Stopped by John Gibson without a rebound.
2:02 of 1st period - Darren Helm wins face-off versus Tyler Johnson in Red Wings zone.
2:03 of 1st period - Slapshot by Oskar Osala.
2:03 of 1st period - Stopped by John Gibson without a rebound.
2:04 of 1st period - Tyler Johnson wins face-off versus Darren Helm in Red Wings zone.
2:04 of 1st period - Tyler Johnson is hit by Nate Prosser.
2:18 of 1st period - Backhand shot by Adam Henrique.
2:18 of 1st period - Shot Misses the Net.
2:24 of 1st period - Wrist shot by Tyler Johnson.
2:24 of 1st period - Shot Blocked by Andrej Sekera.
2:26 of 1st period - Slapshot by Ryan Whitney.
2:26 of 1st period - Shot Blocked by Andrej Sekera.
2:28 of 1st period - Slapshot by Lubomir Visnovsky.
2:28 of 1st period - Stopped by Tyler Weiman with a rebound.
2:30 of 1st period - Snap shot by Lubomir Visnovsky.
2:30 of 1st period - Shot Misses the Net.
3:10 of 1st period - Slapshot by Tyler Johnson.
3:10 of 1st period - Shot Blocked by Nate Prosser.
3:12 of 1st period - Slapshot by Ryan Whitney.
3:12 of 1st period - Stopped by Tyler Weiman without a rebound.
3:13 of 1st period - Sean Bergenheim wins face-off versus Frans Nielsen in Sharks zone.
4:42 of 1st period - Philip Samuelsson is hit by Luke Adam and loses puck.
4:57 of 1st period - Slapshot by Rob Schremp.
4:57 of 1st period - Shot Misses the Net.
5:37 of 1st period - Minor Penalty to Oleg Saprykin for High sticking.
5:38 of 1st period - Frans Nielsen wins face-off versus Chris Kelly in Red Wings zone.
7:37 of 1st period - Penalty to Oleg Saprykin is over, Oleg Saprykin is back on ice.
7:50 of 1st period - Snap shot by Jiri Tlusty.
7:50 of 1st period - Stopped by John Gibson without a rebound.
7:51 of 1st period - Tyler Johnson wins face-off versus Rob Schremp in Red Wings zone.
8:02 of 1st period - Snap shot by Adam Henrique.
8:02 of 1st period - Shot Misses the Net.
8:12 of 1st period - Lubomir Visnovsky is hit by Brendon Nash and loses puck.
9:24 of 1st period - Ryan Whitney is hit by Nick Palmieri.
9:36 of 1st period - Chris Kelly is hit by Luke Adam and loses puck.
10:02 of 1st period - Tyler Johnson is hit by Andrej Sekera.
10:46 of 1st period - Snap shot by Nate Thompson.
10:46 of 1st period - Shot Misses the Net.
10:48 of 1st period - Snap shot by Carson Mcmillan.
10:48 of 1st period - Shot Misses the Net.
11:26 of 1st period - Snap shot by Maxim Afinogenov.
11:26 of 1st period - Stopped by John Gibson without a rebound.
11:27 of 1st period - Frans Nielsen wins face-off versus Tyler Toffoli in Red Wings zone.
11:28 of 1st period - Slapshot by Milan Michalek.
11:28 of 1st period - Shot Hit the Post.
11:30 of 1st period - Slapshot by Brendon Nash.
11:30 of 1st period - Deflect By Frans Nielsen.
11:30 of 1st period - Shot Misses the Net.
11:30 of 1st period - Puck is out of play.
11:31 of 1st period - Frans Nielsen wins face-off versus Mike Richards in Red Wings zone.
11:56 of 1st period - Wrist shot by Ole-Kristian Tollefsen.
11:56 of 1st period - Deflect By Brendon Nash.
11:56 of 1st period - Stopped by Tyler Weiman with a rebound.
12:18 of 1st period - Snap shot by Ole-Kristian Tollefsen.
12:18 of 1st period - Shot Blocked by Andrej Sekera.
12:26 of 1st period - Slapshot by Andrej Sekera.
12:26 of 1st period - Stopped by John Gibson without a rebound.
12:27 of 1st period - Frans Nielsen wins face-off versus Mike Richards in Red Wings zone.
12:30 of 1st period - Slapshot by Frans Nielsen.
12:30 of 1st period - Shot Misses the Net.
12:32 of 1st period - Slapshot by Nate Prosser.
12:32 of 1st period - Stopped by John Gibson with a rebound.
12:34 of 1st period - Slapshot by Nate Prosser.
12:34 of 1st period - Stopped by John Gibson with a rebound.
12:36 of 1st period - Slapshot by Nate Prosser.
12:36 of 1st period - Stopped by John Gibson with a rebound.
12:38 of 1st period - Wrist shot by Maxim Afinogenov.
12:38 of 1st period - Goal by Maxim Afinogenov - Red Wings : 0 - Sharks : 1.
12:39 of 1st period - Mike Richards wins face-off versus Maxim Afinogenov in neutral zone.
12:49 of 1st period - Icing by Mike Richards.
12:50 of 1st period - Mike Richards wins face-off versus Milan Michalek in Red Wings zone.
12:50 of 1st period - Mike Richards is hit by Milan Michalek.
13:27 of 1st period - Wrist shot by Tyler Toffoli.
13:27 of 1st period - Stopped by Tyler Weiman without a rebound.
13:28 of 1st period - Darren Helm wins face-off versus Tyler Johnson in Sharks zone.
14:33 of 1st period - Frans Nielsen is hit by Sean Bergenheim and loses puck.
14:56 of 1st period - Snap shot by Adam Henrique.
14:56 of 1st period - Shot Blocked by Nate Prosser.
14:58 of 1st period - Snap shot by Tyler Johnson.
14:58 of 1st period - Stopped by Tyler Weiman with a rebound.
15:00 of 1st period - Slapshot by Jiri Fischer.
15:00 of 1st period - Stopped by Tyler Weiman with a rebound.
15:02 of 1st period - Slapshot by Jiri Fischer.
15:02 of 1st period - Deflect By Adam Henrique.
15:02 of 1st period - Shot Misses the Net.
15:02 of 1st period - Puck is out of play.
15:03 of 1st period - Mike Richards wins face-off versus Darren Helm in Sharks zone.
15:42 of 1st period - Snap shot by Oskar Osala.
15:42 of 1st period - Shot Misses the Net.
16:20 of 1st period - Jiri Fischer is hit by Frans Nielsen.
16:46 of 1st period - Snap shot by Jordan LaVallee.
16:46 of 1st period - Stopped by John Gibson without a rebound.
16:47 of 1st period - Tyler Johnson wins face-off versus Frans Nielsen in Red Wings zone.
16:47 of 1st period - Tyler Johnson is hit by Milan Michalek.
17:23 of 1st period - Snap shot by Sean Bergenheim.
17:23 of 1st period - Stopped by Tyler Weiman with a rebound.
18:15 of 1st period - Snap shot by Frans Nielsen.
18:15 of 1st period - Deflect By Maxim Afinogenov.
18:15 of 1st period - Shot Misses the Net.
18:15 of 1st period - Puck is out of play.
18:16 of 1st period - Frans Nielsen wins face-off versus Nate Thompson in Red Wings zone.
18:17 of 1st period - Backhand shot by Milan Michalek.
18:17 of 1st period - Shot Misses the Net.
18:47 of 1st period - Wrist shot by Oskar Osala.
18:47 of 1st period - Stopped by John Gibson with a rebound.
18:49 of 1st period - Snap shot by Oskar Osala.
18:49 of 1st period - Stopped by John Gibson without a rebound.
18:50 of 1st period - Sean Bergenheim wins face-off versus Darren Helm in Red Wings zone.
19:17 of 1st period - Tyler Johnson is hit by Maxim Kondratiev and loses puck.
19:46 of 1st period - Jiri Fischer is hit by Adam Larsson.
Goals for this period are 0 for Red Wings vs 1 for Sharks.
Shots for this period are 7 for Red Wings vs 12 for Sharks.
2nd period
0:01 of 2nd period - Mike Richards wins face-off versus Frans Nielsen in neutral zone.
0:04 of 2nd period - Frans Nielsen is hit by Ryan Whitney and loses puck.
0:32 of 2nd period - Nate Prosser is hit by Ole-Kristian Tollefsen and loses puck.
0:58 of 2nd period - Snap shot by Rob Schremp.
0:58 of 2nd period - Shot Misses the Net.
1:04 of 2nd period - Minor Penalty to Ole-Kristian Tollefsen for Interference.
1:05 of 2nd period - Tyler Johnson wins face-off versus Frans Nielsen in Red Wings zone.
2:17 of 2nd period - Sean Bergenheim is hit by Milan Michalek and loses puck.
3:04 of 2nd period - Penalty to Ole-Kristian Tollefsen is over, Ole-Kristian Tollefsen is back on ice.
3:12 of 2nd period - Snap shot by Jordan LaVallee.
3:12 of 2nd period - Stopped by John Gibson with a rebound.
3:54 of 2nd period - Lubomir Visnovsky is hit by Bobby Butler and loses puck.
4:11 of 2nd period - Wrist shot by Mike Richards.
4:11 of 2nd period - Shot Misses the Net.
4:13 of 2nd period - Slapshot by Philip Samuelsson.
4:13 of 2nd period - Stopped by Tyler Weiman without a rebound.
4:14 of 2nd period - Rob Schremp wins face-off versus Mike Richards in Sharks zone.
4:19 of 2nd period - Slapshot by Andrej Sekera.
4:19 of 2nd period - Shot Blocked by Tyler Toffoli.
5:01 of 2nd period - Snap shot by Alex Picard.
5:01 of 2nd period - Stopped by Tyler Weiman with a rebound.
5:03 of 2nd period - Snap shot by Ales Hemsky.
5:03 of 2nd period - Stopped by Tyler Weiman without a rebound.
5:04 of 2nd period - Darren Helm wins face-off versus Tyler Johnson in Sharks zone.
5:08 of 2nd period - Off-side.
5:09 of 2nd period - Darren Helm wins face-off versus Tyler Johnson in neutral zone.
5:20 of 2nd period - Snap shot by Phil Kessel.
5:20 of 2nd period - Stopped by Tyler Weiman without a rebound.
5:21 of 2nd period - Tyler Toffoli wins face-off versus Frans Nielsen in Sharks zone.
5:32 of 2nd period - Snap shot by Tyler Toffoli.
5:32 of 2nd period - Shot Misses the Net.
6:14 of 2nd period - Off-side.
6:15 of 2nd period - Frans Nielsen wins face-off versus Mike Richards in neutral zone.
6:19 of 2nd period - Off-side.
6:20 of 2nd period - Mike Richards wins face-off versus Frans Nielsen in neutral zone.
7:18 of 2nd period - Slapshot by Ole-Kristian Tollefsen.
7:18 of 2nd period - Stopped by Tyler Weiman without a rebound.
7:19 of 2nd period - Frans Nielsen wins face-off versus Mike Richards in Sharks zone.
7:25 of 2nd period - Minor Penalty to Tyler Toffoli for Roughing.
7:26 of 2nd period - Frans Nielsen wins face-off versus Tyler Johnson in Red Wings zone.
9:25 of 2nd period - Penalty to Tyler Toffoli is over, Tyler Toffoli is back on ice.
9:29 of 2nd period - Tyler Toffoli is hit by Nate Prosser and loses puck.
9:42 of 2nd period - Snap shot by Ales Hemsky.
9:42 of 2nd period - Goal by Ales Hemsky - Red Wings : 1 - Sharks : 1.
9:43 of 2nd period - Mike Richards wins face-off versus Rob Schremp in neutral zone.
9:56 of 2nd period - Wrist shot by Mike Richards.
9:56 of 2nd period - Shot Blocked by Maxim Kondratiev.
10:27 of 2nd period - Snap shot by Damien Brunner.
10:27 of 2nd period - Shot Blocked by Ryan Whitney.
10:29 of 2nd period - Slapshot by Rob Schremp.
10:29 of 2nd period - Shot Misses the Net.
10:31 of 2nd period - Slapshot by Bobby Butler.
10:31 of 2nd period - Stopped by John Gibson with a rebound.
10:33 of 2nd period - Wrist shot by Damien Brunner.
10:33 of 2nd period - Stopped by John Gibson with a rebound.
10:35 of 2nd period - Slapshot by Nate Prosser.
10:35 of 2nd period - Shot Misses the Net.
10:37 of 2nd period - Slapshot by Rob Schremp.
10:37 of 2nd period - Shot Misses the Net.
10:39 of 2nd period - Slapshot by Rob Schremp.
10:39 of 2nd period - Stopped by John Gibson with a rebound.
10:43 of 2nd period - Snap shot by Rob Schremp.
10:43 of 2nd period - Stopped by John Gibson with a rebound.
10:45 of 2nd period - Snap shot by Damien Brunner.
10:45 of 2nd period - Goal by Damien Brunner - Red Wings : 1 - Sharks : 2.
10:46 of 2nd period - Mike Richards wins face-off versus Frans Nielsen in neutral zone.
10:49 of 2nd period - Wrist shot by Brent Seabrook.
10:49 of 2nd period - Stopped by Tyler Weiman with a rebound.
10:55 of 2nd period - Backhand shot by Maxim Afinogenov.
10:55 of 2nd period - Shot Misses the Net.
10:57 of 2nd period - Snap shot by Nate Prosser.
10:57 of 2nd period - Shot Blocked by Brent Seabrook.
11:13 of 2nd period - Adam Henrique is hit by Nate Prosser and loses puck.
11:31 of 2nd period - Off-side.
11:32 of 2nd period - Luke Adam wins face-off versus Chris Kelly in neutral zone.
11:35 of 2nd period - Slapshot by Jiri Tlusty.
11:35 of 2nd period - Shot Blocked by Philip Samuelsson.
11:41 of 2nd period - Snap shot by Jiri Tlusty.
11:41 of 2nd period - Shot Blocked by Philip Samuelsson.
12:11 of 2nd period - Off-side.
12:12 of 2nd period - Tyler Johnson wins face-off versus Darren Helm in neutral zone.
12:23 of 2nd period - Wrist shot by Adam Henrique.
12:23 of 2nd period - Shot Misses the Net.
12:25 of 2nd period - Snap shot by Tyler Johnson.
12:25 of 2nd period - Stopped by Tyler Weiman without a rebound.
12:26 of 2nd period - Mike Richards wins face-off versus Frans Nielsen in Sharks zone.
12:27 of 2nd period - Wrist shot by Sean Bergenheim.
12:27 of 2nd period - Stopped by Tyler Weiman with a rebound.
13:16 of 2nd period - Jiri Fischer is hit by Bobby Butler and loses puck.
13:47 of 2nd period - Snap shot by Jiri Tlusty.
13:47 of 2nd period - Shot Misses the Net.
14:03 of 2nd period - Snap shot by Maxim Afinogenov.
14:03 of 2nd period - Stopped by John Gibson with a rebound.
14:05 of 2nd period - Snap shot by Maxim Afinogenov.
14:05 of 2nd period - Stopped by John Gibson with a rebound.
14:07 of 2nd period - Wrist shot by Milan Michalek.
14:07 of 2nd period - Stopped by John Gibson without a rebound.
14:08 of 2nd period - Frans Nielsen wins face-off versus Mike Richards in Red Wings zone.
14:43 of 2nd period - Icing by Nick Palmieri.
14:44 of 2nd period - Tyler Johnson wins face-off versus Nick Palmieri in Sharks zone.
15:22 of 2nd period - Snap shot by Darren Helm.
15:22 of 2nd period - Goal by Darren Helm - Red Wings : 1 - Sharks : 3.
15:23 of 2nd period - Mike Richards wins face-off versus Frans Nielsen in neutral zone.
15:32 of 2nd period - Slapshot by Sean Bergenheim.
15:32 of 2nd period - Shot Blocked by Frans Nielsen.
15:58 of 2nd period - Icing by Jiri Fischer.
15:59 of 2nd period - Frans Nielsen wins face-off versus Tyler Johnson in Red Wings zone.
16:49 of 2nd period - Icing by Phil Kessel.
16:50 of 2nd period - Tyler Johnson wins face-off versus Darren Helm in Red Wings zone.
17:05 of 2nd period - Snap shot by Phil Kessel.
17:05 of 2nd period - Deflect By Andrej Sekera.
17:05 of 2nd period - Shot Misses the Net.
17:05 of 2nd period - Puck is out of play.
17:06 of 2nd period - Mike Richards wins face-off versus Frans Nielsen in Sharks zone.
17:07 of 2nd period - Snap shot by Sean Bergenheim.
17:07 of 2nd period - Shot Blocked by Nate Prosser.
17:42 of 2nd period - Off-side.
17:43 of 2nd period - Darren Helm wins face-off versus Mike Richards in neutral zone.
17:49 of 2nd period - Off-side.
17:50 of 2nd period - Mike Richards wins face-off versus Darren Helm in neutral zone.
17:53 of 2nd period - Slapshot by Ole-Kristian Tollefsen.
17:53 of 2nd period - Shot Misses the Net.
18:45 of 2nd period - Wrist shot by Adam Henrique.
18:45 of 2nd period - Shot Misses the Net.
18:47 of 2nd period - Slapshot by Phil Kessel.
18:47 of 2nd period - Stopped by Tyler Weiman without a rebound.
18:48 of 2nd period - Mike Richards wins face-off versus Frans Nielsen in Sharks zone.
19:54 of 2nd period - Wrist shot by Ales Hemsky.
19:54 of 2nd period - Stopped by Tyler Weiman with a rebound.
Goals for this period are 1 for Red Wings vs 2 for Sharks.
Shots for this period are 11 for Red Wings vs 10 for Sharks.
3rd period
0:01 of 3rd period - Mike Richards wins face-off versus Frans Nielsen in neutral zone.
0:06 of 3rd period - Mike Richards is hit by Maxim Afinogenov and loses puck.
0:11 of 3rd period - Wrist shot by Frans Nielsen.
0:11 of 3rd period - Deflect By Maxim Afinogenov.
0:11 of 3rd period - Stopped by John Gibson without a rebound.
0:12 of 3rd period - Mike Richards wins face-off versus Frans Nielsen in Red Wings zone.
1:00 of 3rd period - Slapshot by Frans Nielsen.
1:00 of 3rd period - Shot Misses the Net.
1:02 of 3rd period - Slapshot by Brendon Nash.
1:02 of 3rd period - Stopped by John Gibson with a rebound.
1:04 of 3rd period - Slapshot by David Rundblad.
1:04 of 3rd period - Stopped by John Gibson with a rebound.
1:06 of 3rd period - Slapshot by Brendon Nash.
1:06 of 3rd period - Deflect By Maxim Afinogenov.
1:06 of 3rd period - Stopped by John Gibson without a rebound.
1:07 of 3rd period - Darren Helm wins face-off versus Mike Richards in Red Wings zone.
1:20 of 3rd period - Snap shot by Oskar Osala.
1:20 of 3rd period - Shot Misses the Net.
1:34 of 3rd period - Brendon Nash is hit by Ryan Whitney and loses puck.
2:10 of 3rd period - Oleg Saprykin is hit by Jordan LaVallee and loses puck.
2:21 of 3rd period - Darren Helm is hit by Ole-Kristian Tollefsen and loses puck.
2:56 of 3rd period - Phil Kessel is hit by Bobby Butler.
3:08 of 3rd period - David Rundblad is hit by Chris Kelly and loses puck.
3:21 of 3rd period - Darren Helm is hit by Carson Mcmillan and loses puck.
3:47 of 3rd period - Wrist shot by Rob Schremp.
3:47 of 3rd period - Shot Misses the Net.
4:01 of 3rd period - Andrej Sekera is hit by Sean Bergenheim and loses puck.
4:46 of 3rd period - Snap shot by Carson Mcmillan.
4:46 of 3rd period - Stopped by Tyler Weiman with a rebound.
4:48 of 3rd period - Wrist shot by Nate Thompson.
4:48 of 3rd period - Shot Misses the Net.
4:50 of 3rd period - Slapshot by Lubomir Visnovsky.
4:50 of 3rd period - Shot Misses the Net.
5:17 of 3rd period - Snap shot by Tyler Johnson.
5:17 of 3rd period - Stopped by Tyler Weiman without a rebound.
5:18 of 3rd period - Frans Nielsen wins face-off versus Tyler Johnson in Sharks zone.
5:49 of 3rd period - Milan Michalek is hit by Brent Seabrook and loses puck.
5:54 of 3rd period - Snap shot by Adam Henrique.
5:54 of 3rd period - Shot Blocked by Nate Prosser.
5:56 of 3rd period - Snap shot by Phil Kessel.
5:56 of 3rd period - Stopped by Tyler Weiman with a rebound.
6:02 of 3rd period - Slapshot by Phil Kessel.
6:02 of 3rd period - Stopped by Tyler Weiman with a rebound.
6:04 of 3rd period - Slapshot by Jiri Fischer.
6:04 of 3rd period - Stopped by Tyler Weiman with a rebound.
6:06 of 3rd period - Wrist shot by Tyler Johnson.
6:06 of 3rd period - Shot Misses the Net.
6:08 of 3rd period - Wrist shot by Adam Henrique.
6:08 of 3rd period - Shot Misses the Net.
6:10 of 3rd period - Snap shot by Jiri Fischer.
6:10 of 3rd period - Shot Misses the Net.
6:20 of 3rd period - Snap shot by Adam Henrique.
6:20 of 3rd period - Goal by Adam Henrique - Red Wings : 2 - Sharks : 3.
6:21 of 3rd period - Mike Richards wins face-off versus Darren Helm in neutral zone.
6:59 of 3rd period - Slapshot by Maxim Kondratiev.
6:59 of 3rd period - Stopped by John Gibson with a rebound.
7:15 of 3rd period - Snap shot by Damien Brunner.
7:15 of 3rd period - Stopped by John Gibson with a rebound.
7:17 of 3rd period - Slapshot by Maxim Kondratiev.
7:17 of 3rd period - Shot Blocked by Ole-Kristian Tollefsen.
7:21 of 3rd period - Snap shot by Damien Brunner.
7:21 of 3rd period - Deflect By Bobby Butler.
7:21 of 3rd period - Stopped by John Gibson with a rebound.
7:23 of 3rd period - Snap shot by Rob Schremp.
7:23 of 3rd period - Stopped by John Gibson with a rebound.
7:25 of 3rd period - Snap shot by Damien Brunner.
7:25 of 3rd period - Stopped by John Gibson without a rebound.
7:26 of 3rd period - Frans Nielsen wins face-off versus Tyler Toffoli in Red Wings zone.
7:35 of 3rd period - Frans Nielsen is hit by Ole-Kristian Tollefsen and loses puck.
8:15 of 3rd period - Snap shot by Jordan LaVallee.
8:15 of 3rd period - Stopped by John Gibson with a rebound.
8:19 of 3rd period - Slapshot by Luke Adam.
8:19 of 3rd period - Stopped by John Gibson with a rebound.
8:21 of 3rd period - Wrist shot by Luke Adam.
8:21 of 3rd period - Stopped by John Gibson without a rebound.
8:22 of 3rd period - Frans Nielsen wins face-off versus Mike Richards in Red Wings zone.
8:35 of 3rd period - Wrist shot by Frans Nielsen.
8:35 of 3rd period - Goal by Frans Nielsen - Red Wings : 2 - Sharks : 4.
8:36 of 3rd period - Frans Nielsen wins face-off versus Mike Richards in neutral zone.
9:34 of 3rd period - Minor Penalty to Adam Larsson for Interference.
9:35 of 3rd period - Tyler Johnson wins face-off versus Milan Michalek in Sharks zone.
9:44 of 3rd period - Off-side.
9:45 of 3rd period - Milan Michalek wins face-off versus Tyler Johnson in neutral zone.
10:19 of 3rd period - Slapshot by Sean Bergenheim.
10:19 of 3rd period - Shot Misses the Net.
10:21 of 3rd period - Slapshot by Brent Seabrook.
10:21 of 3rd period - Shot Blocked by Frans Nielsen.
11:34 of 3rd period - Penalty to Adam Larsson is over, Adam Larsson is back on ice.
11:39 of 3rd period - Off-side.
11:40 of 3rd period - Nate Thompson wins face-off versus Darren Helm in neutral zone.
11:53 of 3rd period - Snap shot by Oleg Saprykin.
11:53 of 3rd period - Shot Misses the Net.
11:55 of 3rd period - Slapshot by Brent Seabrook.
11:55 of 3rd period - Stopped by Tyler Weiman without a rebound.
11:56 of 3rd period - Frans Nielsen wins face-off versus Mike Richards in Sharks zone.
12:23 of 3rd period - Lubomir Visnovsky is hit by Andrej Sekera and loses puck.
12:42 of 3rd period - Snap shot by Ales Hemsky.
12:42 of 3rd period - Shot Misses the Net.
13:01 of 3rd period - Off-side.
13:02 of 3rd period - Nate Thompson wins face-off versus Luke Adam in neutral zone.
13:15 of 3rd period - Slapshot by Ole-Kristian Tollefsen.
13:15 of 3rd period - Deflect By Nate Thompson.
13:15 of 3rd period - Shot Blocked by Nate Prosser.
13:15 of 3rd period - Puck is out of play.
13:16 of 3rd period - Frans Nielsen wins face-off versus Mike Richards in Sharks zone.
13:31 of 3rd period - Wrist shot by Maxim Afinogenov.
13:31 of 3rd period - Stopped by John Gibson with a rebound.
13:51 of 3rd period - Brent Seabrook is hit by Nick Palmieri and loses puck.
14:12 of 3rd period - Wrist shot by Damien Brunner.
14:12 of 3rd period - Stopped by John Gibson without a rebound.
14:13 of 3rd period - Frans Nielsen wins face-off versus Mike Richards in Red Wings zone.
14:14 of 3rd period - Slapshot by Milan Michalek.
14:14 of 3rd period - Stopped by John Gibson without a rebound.
14:15 of 3rd period - Frans Nielsen wins face-off versus Mike Richards in Red Wings zone.
14:21 of 3rd period - Slapshot by Frans Nielsen.
14:21 of 3rd period - Shot Blocked by Sean Bergenheim.
14:27 of 3rd period - Snap shot by Frans Nielsen.
14:27 of 3rd period - Shot Misses the Net.
14:29 of 3rd period - Wrist shot by Maxim Afinogenov.
14:29 of 3rd period - Shot Hit the Post.
14:53 of 3rd period - Wrist shot by Tyler Johnson.
14:53 of 3rd period - Stopped by Tyler Weiman with a rebound.
15:07 of 3rd period - Snap shot by Rob Schremp.
15:07 of 3rd period - Deflect By Damien Brunner.
15:07 of 3rd period - Shot Misses the Net.
15:07 of 3rd period - Puck is out of play.
15:08 of 3rd period - Damien Brunner wins face-off versus Mike Richards in Red Wings zone.
15:42 of 3rd period - Slapshot by Tyler Johnson.
15:42 of 3rd period - Shot Misses the Net.
15:58 of 3rd period - Ales Hemsky is hit by Brendon Nash and loses puck.
16:45 of 3rd period - Slapshot by Mike Richards.
16:45 of 3rd period - Stopped by Tyler Weiman with a rebound.
17:05 of 3rd period - Wrist shot by Phil Kessel.
17:05 of 3rd period - Shot Misses the Net.
17:21 of 3rd period - Snap shot by Darren Helm.
17:21 of 3rd period - Shot Blocked by Philip Samuelsson.
17:39 of 3rd period - Slapshot by Jordan LaVallee.
17:39 of 3rd period - Stopped by John Gibson without a rebound.
17:40 of 3rd period - Damien Brunner wins face-off versus Chris Kelly in Red Wings zone.
17:49 of 3rd period - Wrist shot by Damien Brunner.
17:49 of 3rd period - Stopped by John Gibson with a rebound.
18:04 of 3rd period - Off-side.
18:05 of 3rd period - Tyler Toffoli wins face-off versus Luke Adam in neutral zone.
18:16 of 3rd period - Wrist shot by Sean Bergenheim.
18:16 of 3rd period - Shot Blocked by Andrej Sekera.
18:18 of 3rd period - Slapshot by Brent Seabrook.
18:18 of 3rd period - Stopped by Tyler Weiman without a rebound.
18:19 of 3rd period - Phil Kessel wins face-off versus Rob Schremp in Sharks zone.
18:30 of 3rd period - Wrist shot by Adam Henrique.
18:30 of 3rd period - Shot Misses the Net.
18:32 of 3rd period - Slapshot by Tyler Johnson.
18:32 of 3rd period - Shot Blocked by Nate Prosser.
18:34 of 3rd period - Snap shot by Phil Kessel.
18:34 of 3rd period - Shot Misses the Net.
18:36 of 3rd period - Snap shot by Jiri Fischer.
18:36 of 3rd period - Shot Misses the Net.
19:23 of 3rd period - Adam Larsson is hit by Phil Kessel and loses puck.
19:51 of 3rd period - Minor Penalty to Brendon Nash for Hooking.
19:52 of 3rd period - Milan Michalek wins face-off versus Tyler Johnson in Sharks zone.
Goals for this period are 1 for Red Wings vs 1 for Sharks.
Shots for this period are 10 for Red Wings vs 18 for Sharks.
Back to the Top